 Dungeon Sprint DCSS version 0.29-a0-284-gf9362112df (webtiles) character file.

Game seed: 15441802122013699887

135 mhtbhm the Skirmisher (level 4, -3/45 (47) HPs)
             Began as a Draconian Berserker on Mar 27, 2022.
             Was a Priest of Trog.
             Slain by a necromancer
             ... wielding a +0 dagger
              (5 damage)
             ... in the Dungeon (Sprint III: "The Ten Rune Challenge").
             The game lasted 00:00:27 (288 turns).

mhtbhm the Skirmisher (Draconian Berserker)          Turns: 288, Time: 00:00:28

HP:   -3/45 (47)    AC:  6    Str: 21    XL:     4   Next: 96%
MP:   4/4           EV: 13    Int:  8    God:    Trog [***...]
Gold: 19            SH:  0    Dex: 10    Spells: 3/3 levels left

rFire   . . .      SeeInvis .   a - +0 spear
rCold   + . .      Faith    .   (no shield)
rNeg    . . .      Spirit   .   (body armour unavailable)
rPois   .          Reflect  .   (helmet restricted)
rElec   .          Harm     .   i - +0 cloak
rCorr   .          Rampage  .   (no gloves)
Will    .....      NoTele   +   (no boots)
Stlth   +.........              (no amulet)
HPRegen 0.15/turn               (no ring)
MPRegen 0.09/turn               (no ring)

@: flying, lightly drained
A: AC +5, unfitting armour, cold-blooded, big wings, cold resistance 1
a: Renounce Religion, Berserk, Trog's Hand


You were in the Dungeon.
You worshipped Trog.
Trog was most pleased with you.
You visited 1 branch You collected 19 gold pieces.

Inventory:

Hand Weapons
 a - a +0 spear (weapon)
Armour
 i - a +0 cloak (worn)
Scrolls
 g - a scroll of blinking
 h - 4 scrolls of identify
 j - 2 scrolls of holy word {unknown}
Potions
 b - a potion of curing
 c - a potion of heal wounds
 d - a potion of haste
 e - 2 potions of magic
 f - a potion of berserk rage
 k - 2 potions of flight {unknown}
 l - 4 potions of mutation


   Skills:
 + Level 7.1 Fighting
 + Level 6.5 Polearms
 + Level 5.6 Dodging
 + Level 0.3 Unarmed Combat


You had 3 spell levels left.
You didn't know any spells.
Your spell library was empty.

Dungeon Overview and Level Annotations

Branches:
Dungeon (1/1)

Altars:
Dithmenos
Ru
Yredelemnul


Innate Abilities, Weirdness & Mutations

Your plain brown scales are hard. (AC +5)
You cannot fit into any form of body armour.
You are cold-blooded and may be slowed by cold attacks.
Your large and strong wings let you fly.
Your flesh is cold resistant. (rC+)


Message History

You start waiting.
You recover from your berserk rage.
You reach down and open the door.
A necrophage and a necromancer come into view.
The necromancer shouts!
Found a wooden wand.
Found three altars.
You hit the necromancer but do no damage.
The necromancer hits you with a +0 dagger.
You closely miss the necromancer. The necromancer casts a spell at you.
Your body is wracked with pain!
You hit the necromancer.
The necromancer is lightly wounded.
You hit the necromancer.
The necromancer is heavily wounded.
The necromancer gestures at you while chanting.
The bolt of negative energy hits you!!
You feel drained.
* * * LOW HITPOINT WARNING * * *
You closely miss the necromancer.
The necromancer is heavily wounded.
The necromancer closely misses you.
You hit the necromancer but do no damage.
The necromancer is heavily wounded.
The necromancer misses you.
You hit the necromancer. You tail-slap the necromancer.
The necromancer is almost dead.
You closely miss the necromancer.
You tail-slap the necromancer, but do no damage.
The necromancer is almost dead.
The necromancer hits you with a +0 dagger.
* * * LOW HITPOINT WARNING * * *
You barely miss the necromancer.
You tail-slap the necromancer, but do no damage.
The necromancer is almost dead.
The necromancer closely misses you.
You barely miss the necromancer.
You tail-slap the necromancer, but do no damage.
The necromancer is almost dead.
The necromancer hits you with a +0 dagger.
You die...

▓▓▓ ♣ ♣.# #### ♣♣
♣♣.# #__# .♣ ♣..#
#n_
≈♣♣♣♣..###+#+###p##
≈.♣.♣♣.#........@.#
≈≈..♣..'.⌠........#
≈≈≈≈♣♣.#...######+#
≈≈≈....#.⌠.#
≈≈.....#...#
.......#+###
.......# .......#
▓▓▓▓▓▓▓▓


You could see a necromancer and a necrophage.

Vanquished Creatures
  A water elemental (D)
  Crazy Yiuf (D)
  Jessica (D)
  A human (D)
  An endoplasm (D)
  2 rats (D)
7 creatures vanquished.

Notes
Turn   | Place    | Note
-------+----------+-------------------------------------------
     0 | D        | mhtbhm the Draconian Berserker began the quest for the Orb.
     0 | D        | Reached XP level 1. HP: 19/19 MP: 1/1
    41 | D        | Noticed Jessica
    45 | D        | Killed Jessica
    45 | D        | Reached ** piety under Trog
    46 | D        | Reached skill level 5 in Fighting
    46 | D        | Reached XP level 2. HP: 27/29 MP: 2/2
    47 | D        | Reached XP level 3. HP: 33/36 MP: 3/3
    86 | D        | Noticed Crazy Yiuf
    97 | D        | Reached skill level 5 in Polearms
    97 | D        | Killed Crazy Yiuf
    97 | D        | Reached *** piety under Trog
    98 | D        | Reached skill level 6 in Fighting
    98 | D        | Reached XP level 4. HP: 44/44 MP: 4/4
   189 | D        | Gained mutation: Your flesh is cold resistant. (rC+)
                  | [potion of mutation]
   189 | D        | Gained mutation: Your large and strong wings let you fly.
                  | [potion of mutation]
   231 | D        | Noticed a water elemental
   236 | D        | Killed a water elemental
   237 | D        | Reached skill level 7 in Fighting
   237 | D        | Reached skill level 5 in Dodging
   278 | D        | Found a basalt altar of Yredelemnul.
   278 | D        | Found a shadowy altar of Dithmenos.
   278 | D        | Found a sacrificial altar of Ru.
   278 | D        | Noticed a necrophage
   282 | D        | HP: 2/45 [necromancer/bolt of negative energy (21)]
   288 | D        | Slain by a necromancer

Illustrated notes

Levels and vault maps discovered:
D:        dungeon_sprint_mu [sprint_mu_entry_forest, sprint_mu_temple_rooms,
          sprint_mu_d1_horrors, sprint_mu_d2_genie, sprint_mu_d3_branching,
          sprint_mu_orc_legion, sprint_mu_elf_gauntlet, sprint_mu_hive_nellie,
          sprint_mu_lair_fedhas, sprint_mu_vaults_butterflies,
          sprint_mu_slime_circle, sprint_mu_swamp_cave, sprint_mu_shoals_archi,
          sprint_mu_blade_basic, sprint_mu_crypt_chambers,
          sprint_mu_tomb_spiral, sprint_mu_vestibule_basic,
          sprint_mu_gehenna_hellfire, sprint_mu_dis_giant,
          sprint_mu_tartarus_statrot, sprint_mu_cocytus_islands, sprint_mu_zot1]

Skill      XL: |  1  2  3  4 |
---------------+-------------+-----
Dodging        | 4 5 |  5.6
Fighting       | 5 6 7 |  7.1
Polearms       | 4 5 6 |  6.5
Unarmed Combat | |  0.3

Action                   |  1- 3 |  4- 6 || total
-------------------------+-------+-------++-------
Melee: Spear             |    17 |    14 ||    31
       Unarmed           |     2 |       ||     2
       Tailslap          |     1 |     4 ||     5
Invok: Berserk           |     1 |     1 ||     2
  Use: Potion            |       |     1 ||     1
Armor: Skin              |     2 |     1 ||     3
Dodge: Dodged            |     5 |     4 ||     9

Table legend: (Time is in decaauts)
 A = Elapsed time spent in this place.
 B = Non-inter-level travel time spent in this place.
 C = Inter-level travel time spent in this place.
 D = Time resting spent in this place.
 E = Time spent auto-exploring this place.
 F = Levels seen in this place.
 G = Mean time per level.
                   A        B        C        D        E       F      G
               +--------+--------+--------+--------+--------+-----+--------+
         Total |    302 |    302 |      0 |     76 |    137 |   1 |  302.0 |
       Dungeon |    302 |    302 |      0 |     76 |    137 |   1 |  302.0 |
               +--------+--------+--------+--------+--------+-----+--------+

Top non-repeatable levels by time:
       D: 302 daAuts
